 Dungeon Crawl Stone Soup version 0.21-a0-401-g0b6bec4 (webtiles) character file.

36760 Mitsuki the Fighter (level 13, 0/122 HPs)
             Began as a Hill Orc Fighter on Oct 25, 2017.
             Was a High Priest of the Shining One.
             Slain by a spiny frog (12 damage)
             ... on level 5 of the Lair of Beasts.
             The game lasted 00:55:40 (22652 turns).

Mitsuki the Fighter (Hill Orc Fighter)             Turns: 22652, Time: 00:55:41

Health: 0/122      AC: 12    Str: 24    XL:     13   Next: 92%
Magic:  0/21       EV: 10    Int: 12    God:    the Shining One [*****.]
Gold:   1154       SH: 15    Dex: 10    Spells: 12/12 levels left

rFire    + . .     SeeInvis .   S - +2 morningstar (flame)
rCold    . . .     Gourm    .   M - +2 shield
rNeg     + + .     Faith    .   m - +2 leather armour of Mirth {Int+4 Slay+5}
rPois    .         Spirit   +   k - +2 hat
rElec    .         Reflect  .   d - +1 cloak
rCorr    .         Harm     .   (no gloves)
MR       .....                  I - +0 pair of boots
Stlth    +.........             g - amulet of guardian spirit
HPRegen  0.30/turn              h - +5 ring of slaying
MPRegen  0.17/turn              a - ring of protection from fire

@: glowing
A: horns 1, talons 1, blurry vision 1, mutation resistance 1
a: Divine Shield, Cleansing Flame, Summon Divine Warrior, Renounce Religion


You were on level 5 of the Lair of Beasts.
You worshipped the Shining One.
The Shining One was extremely pleased with you.
You were not hungry.

You visited 3 branches of the dungeon, and saw 19 of its levels.
You also visited: Labyrinth, Ossuary and Bailey.

You collected 1245 gold pieces.
You spent 91 gold pieces at shops.

Inventory:

Hand Weapons
 S - a +2 morningstar of flaming (weapon)
Missiles
 e - 3 throwing nets (quivered)
Armour
 d - a +1 cloak (worn)
 j - a +2 helmet
 k - a +2 hat (worn)
 m - the +2 leather armour of Mirth (worn) {Int+4 Slay+5}
   (You found it on level 7 of the Dungeon)

   It affects your intelligence (+4).
   It affects your accuracy and damage with ranged weapons and melee attacks
   (+5).
 r - a +0 plate armour
 I - a +0 pair of boots (worn)
 M - a +2 shield (worn)
Magical Staves
 i - an uncursed staff of power {unknown}
Jewellery
 a - a ring of protection from fire (right hand)
 g - an amulet of guardian spirit (around neck)
 h - a +5 ring of slaying (left hand)
 n - a +2 ring of evasion
 E - a +4 ring of intelligence
 X - an uncursed ring of protection from cold
Wands
 v - a wand of digging (18/24)
 y - a wand of scattershot (0/9)
 P - a wand of acid (7/15)
Scrolls
 c - 5 scrolls of identify
 o - 4 scrolls of blinking
 q - 2 scrolls of remove curse
 s - 3 scrolls of enchant armour
 A - a scroll of torment {unknown}
 B - 8 scrolls of teleportation
 J - a scroll of enchant weapon
 K - a scroll of amnesia
 R - a scroll of fog
Potions
 l - 2 potions of flight
 p - 2 potions of ambrosia
 t - 6 potions of haste
 u - 2 potions of agility {unknown}
 w - 3 potions of heal wounds
 x - 2 potions of brilliance
 z - 4 potions of might
 C - a potion of mutation {unknown}
 D - 2 potions of resistance
 F - 4 potions of cancellation
 H - a potion of curing
Miscellaneous
 b - a sack of spiders
Comestibles
 f - 8 bread rations
 G - 8 meat rations
 L - 5 chunks of flesh
 N - 2 fruits
 O - 10 royal jellies


   Skills:
 + Level 13.1 Fighting
 + Level 12.1 Maces & Flails
 + Level 12.2 Armour
 + Level 12.2 Shields
 + Level 11.7 Invocations


You had 12 spell levels left.
You didn't know any spells.

Dungeon Overview and Level Annotations

Branches:
Dungeon (12/15)            Temple (1/1) D:4            Lair (6/6) D:10
  Swamp (0/4) Lair:4       Spider (0/4) Lair:2        Slime (0/5) Lair:6
    Orc: D:9-12

Altars:
Ashenzari
Cheibriados
Dithmenos
Elyvilon
Fedhas
Gozag
Hepliaklqana
Kikubaaqudgha
Makhleb
Nemelex Xobeh
Okawaru
Qazlal
Ru
Sif Muna
Trog
Uskayaw
Vehumet
Wu Jian
Xom
Yredelemnul
Zin
The Shining One
Jiyva

Shops:
D:8 *}?(

Annotations:
D:10 1 runed door
Lair:6 1 runed door


Innate Abilities, Weirdness & Mutations

You have a pair of small horns on your head.
You have sharp toenails.
Scrolls take you a little longer to read.
You are somewhat resistant to further mutation.


Message History

You block the black mamba's attack. x2; The spiny frog stings you!
* * * LOW HITPOINT WARNING * * *
You take 12 damage, and have 9/122 hp.
You impale the black mamba!! You burn the black mamba.
You kill the black mamba!
You block the spiny frog's attack. You block the spiny frog's attack.
The spiny frog stings you!!
* * * LOW MAGIC WARNING * * *
The Shining One protects you from harm!
You now have 0/21 mp.
The spiny frog barely misses you.
Really read with blurry vision while enemies are nearby? [Y]es or [N]o only, please.
Really read with blurry vision while enemies are nearby?
Okay, then.
Unknown command.
Unknown command.
The spiny frog stings you!
* * * LOW MAGIC WARNING * * *
You die...

#.........<.....P.....#.[.'......
#.#.?.........H..PP...#...#......
###...........#...P...#####......
##..........#.Y......P.........
#.##..#..H#.#....P............♣
##.....#Y#####♣♣Y............♣.
#...#..## ##F..P.........P♣.
######...## #F..♣.....P..P...♣
#.P####..#######@.#..♣........##.
..###.........#.P.........♣.....#
....'........../.................
#..##.>.........##.............P.
####.÷.......######..............
####P.P#..# #....#..###....
##...### ##P###### ##.## #####
### ####


You could see a yak and 2 spiny frogs.

Vanquished Creatures
  Gastronok (Lair:1)
  A minotaur (Lab)
  The ghost of Mitsuki the Grappler, a journeyman TrFi of Qazlal (Lair:3)
  6 hydras
  The ghost of Jotun the Fighter, a novice OgNe of Kikubaaqudgha (D:8)
  2 two-headed ogres
  4 death yaks
  Sonja (D:11)
  The ghost of Mitsuki the Blocker, a novice MiFi of Gozag (D:9)
  2 ugly things
  An elephant (D:10)
  4 black mambas
  4 spiny frogs
  7 komodo dragons
  A rime drake (Lair:3)
  The ghost of Scaveo the Skirmisher, an amateur OgBe of Trog (D:4)
  A troll (D:10)
  11 blink frogs
  A hornet (D:9)
  A polar bear (Lair:3)
  The ghost of Sassnadas the Shield-Bearer, an amateur FoFi (Ossuary)
  4 hippogriffs
  6 dream sheep (Lair:5)
  A spriggan (Lair:5)
  2 wyverns
  4 basilisks
  3 redbacks (Lair:2)
  13 yaks
  Grum (Lair:1)
  A soldier ant (D:9)
  6 water moccasins
  2 porcupines
  A black bear (D:9)
  11 orc warriors
  3 phantoms
  3 sky beasts
  A hornet zombie (D:7)
  6 ogres
  19 wolves
  3 ice beasts
  2 centaurs
  7 crocodiles
  A big kobold (D:7)
  10 bullfrogs
  3 water moccasin zombies (Ossuary)
  5 scorpions
  8 killer bees (D:9)
  11 wights
  2 howler monkeys (D:7)
  An electric eel (Lair:1)
  6 crimson imps
  8 hounds
  A bullfrog zombie (D:10)
  2 centaur zombies
  4 jellies
  A quasit (D:11)
  13 orc priests
  Crazy Yiuf (D:3)
  2 bullfrog skeletons
  An iguana (D:6)
  10 orc wizards
  5 worker ants
  4 big kobold zombies (Ossuary)
  2 hound zombies
  2 mummies (Ossuary)
  5 gnolls
  13 adders
  2 howler monkey skeletons
  A shadow imp (D:5)
  An ooze (D:7)
  An adder skeleton (D:8)
  4 adder zombies
  4 worms
  4 leopard geckos
  43 orcs
  5 bats
  6 giant cockroaches
  7 goblins
  12 hobgoblins
  16 jackals
  7 quokkas
  A ball python (D:2)
  6 frilled lizards
  5 gnoll zombies (Ossuary)
  A hobgoblin zombie (Ossuary)
  A jackal skeleton (D:4)
  22 kobolds
  10 kobold zombies (Ossuary)
  3 leopard gecko skeletons
  4 orc zombies (Ossuary)
  5 rats
  2 butterflies
446 creatures vanquished.

Vanquished Creatures (collateral kills)
  A spiny frog (Lair:3)
  2 yaks (Lair:3)
3 creatures vanquished.

Vanquished Creatures (others)
  2 fungi (Lair:5)
  3 plants (Lair:5)
5 creatures vanquished.

Grand Total: 454 creatures vanquished

Notes
Turn   | Place    | Note
-------+----------+-------------------------------------------
     0 | D:1      | Mitsuki the Hill Orc Fighter began the quest for the Orb.
     0 | D:1      | Reached XP level 1. HP: 19/19 MP: 1/1
    77 | D:1      | Reached XP level 2. HP: 23/27 MP: 2/2
   257 | D:1      | Reached skill level 4 in Fighting
   462 | D:1      | Reached XP level 3. HP: 33/33 MP: 3/3
  1459 | D:2      | Found an opulent altar of Gozag.
  1519 | D:2      | Reached XP level 4. HP: 32/41 MP: 4/4
  2157 | D:2      | Reached XP level 5. HP: 40/47 MP: 5/5
  2376 | D:2      | Found a deep blue altar of Sif Muna.
  2376 | D:2      | Found a sparkling altar of Nemelex Xobeh.
  3239 | D:3      | Found a runed door.
  3382 | D:3      | Noticed Crazy Yiuf
  3390 | D:3      | Killed Crazy Yiuf
  3470 | D:4      | Reached skill level 5 in Fighting
  3526 | D:4      | Noticed Scaveo's ghost (amateur OgBe)
  3542 | D:4      | Killed Scaveo's ghost
  3542 | D:4      | Reached skill level 5 in Armour
  3542 | D:4      | Reached skill level 5 in Shields
  3542 | D:4      | Reached XP level 6. HP: 28/56 MP: 6/6
  3542 | D:4      | Reached XP level 7. HP: 30/61 MP: 7/7
  3789 | D:4      | Found a sacrificial altar of Ru.
  3861 | D:4      | Reached skill level 6 in Fighting
  3861 | D:4      | Reached skill level 5 in Maces & Flails
  4257 | D:4      | Reached XP level 8. HP: 41/71 MP: 8/8
  4752 | D:4      | Found a staircase to the Ecumenical Temple.
  4757 | Temple   | Entered the Ecumenical Temple
  5405 | D:5      | Entered Level 5 of the Dungeon
  5659 | D:5      | Reached skill level 7 in Fighting
  6619 | D:5      | Found an ornate altar of the Wu Jian Council.
  6947 | D:5      | Reached XP level 9. HP: 78/79 MP: 9/9
  6950 | D:5      | Gained mutation: Your muscles are strong. (Str +2) [mutagenic meat]
  6951 | D:5      | Lost mutation: Your muscles are strong. (Str +2) [mutagenic meat]
  6952 | D:5      | Gained mutation: Scrolls take you a little longer to read. [mutagenic meat]
  6953 | D:5      | Gained mutation: You are somewhat resistant to further mutation. [mutagenic meat]
  7283 | D:6      | Found a bloodstained altar of Trog.
  7283 | D:6      | Found a shadowy altar of Dithmenos.
  7366 | D:6      | Found a glowing golden altar of the Shining One.
  7374 | D:6      | Became a worshipper of the Shining One
  7716 | D:6      | Reached skill level 8 in Fighting
  7740 | D:6      | Found a sand-covered staircase.
  7744 | Ossuary  | Entered an ossuary
  7755 | Ossuary  | Reached * piety under the Shining One
  7803 | Ossuary  | Reached ** piety under the Shining One
  7860 | Ossuary  | Reached *** piety under the Shining One
  7869 | Ossuary  | Reached skill level 1 in Invocations
  7879 | Ossuary  | Noticed Sassnadas's ghost (amateur FoFi)
  7890 | Ossuary  | Killed Sassnadas's ghost
  8140 | D:6      | Found a shadowy altar of Dithmenos.
  9264 | D:7      | Reached **** piety under the Shining One
  9339 | D:7      | Got a translucent leather armour
  9446 | D:7      | Reached XP level 10. HP: 90/90 MP: 12/12
  9783 | D:8      | Identified the +2 leather armour of Mirth {Int+4 Slay+5} (You found it on level 7 of the Dungeon)
  9822 | D:8      | Found Tenavvok's Magic Scroll Boutique.
  9831 | D:8      | Bought a scroll of magic mapping for 49 gold pieces
  9845 | D:8      | Reached skill level 9 in Fighting
 10070 | D:8      | Found a shimmering altar of Xom.
 10206 | D:8      | Found Dueh's General Store.
 10346 | D:8      | Noticed Jotun's ghost (novice OgNe)
 10366 | D:8      | Killed Jotun's ghost
 10524 | D:8      | Found Remuded's Gadget Boutique.
 10543 | D:8      | Found Yjuthrom's Antique Weapon Shoppe.
 10684 | D:9      | Found a shattered altar of Ashenzari.
 10764 | D:9      | Found a flagged portal.
 10776 | Bailey   | Entered a bailey
 10800 | Bailey   | Reached skill level 5 in Invocations
 10863 | Bailey   | Found the +6 lightning scales {run, rElec}
 10970 | Bailey   | Got a jewelled spear
 11048 | D:9      | Noticed a two-headed ogre
 11058 | D:9      | Killed a two-headed ogre
 11418 | D:9      | Reached skill level 10 in Fighting
 11421 | D:9      | Reached XP level 11. HP: 85/99 MP: 11/15
 11422 | D:9      | Noticed Mitsuki's ghost (novice MiFi)
 11436 | D:9      | Killed Mitsuki's ghost
 12433 | D:9      | Noticed a cyan ugly thing
 12443 | D:9      | Killed a cyan ugly thing
 12850 | D:10     | Entered Level 10 of the Dungeon
 12866 | D:10     | Reached ***** piety under the Shining One
 13019 | D:10     | Found a staircase to the Lair.
 13090 | D:10     | Found a runed door.
 13095 | D:10     | Noticed a sixfirhy
 13187 | D:10     | Noticed a two-headed ogre
 13193 | D:10     | Killed a two-headed ogre
 13736 | D:8      | Bought a scroll of magic mapping for 42 gold pieces
 13830 | D:11     | Found a labyrinth entrance.
 13841 | Lab      | Entered a labyrinth
 13921 | Lab      | Noticed a minotaur
 13931 | Lab      | Killed a minotaur
 13931 | Lab      | Reached skill level 10 in Armour
 13931 | Lab      | Reached skill level 10 in Shields
 13933 | Lab      | Got a faintly glowing robe
 13938 | Lab      | Got a sapphire-encrusted plate armour
 14139 | D:11     | Gained mutation: You have a pair of small horns on your head. [mutagenic meat]
 14275 | D:11     | Noticed a green ugly thing
 14284 | D:11     | Killed a green ugly thing
 14290 | D:11     | Gained mutation: You have sharp toenails. [mutagenic meat]
 14301 | D:11     | Identified the +2 plate armour of Faonon {rF+ MP+9 Str-5 Int+3} (You found it in a labyrinth)
 14311 | D:11     | Identified the +1 robe "Zyss" {MR++ Dex-3} (You took it off a minotaur in a labyrinth)
 14409 | D:11     | Reached skill level 11 in Fighting
 14508 | D:11     | Noticed a six-headed hydra
 14517 | D:11     | Killed a six-headed hydra
 14517 | D:11     | Reached skill level 10 in Maces & Flails
 15061 | D:11     | Noticed Sonja
 15072 | D:11     | Killed Sonja
 15072 | D:11     | Reached XP level 12. HP: 44/110 MP: 2/18
 15693 | Lair:1   | Entered Level 1 of the Lair of Beasts
 15753 | Lair:1   | Identified a scroll of acquirement
 15753 | Lair:1   | Got a sparkling lead amulet
 15755 | Lair:1   | Identified the amulet of Voodgh {RegenMP +Inv} (You acquired it on level 1 of the Lair of Beasts)
 16397 | Lair:1   | Noticed a five-headed hydra
 16401 | Lair:1   | Killed a five-headed hydra
 16506 | Lair:1   | Noticed Gastronok
 16518 | Lair:1   | Killed Gastronok
 16668 | Lair:1   | Noticed Grum
 16678 | Lair:1   | Killed Grum
 18488 | Lair:2   | Reached skill level 12 in Fighting
 18490 | Lair:2   | Reached skill level 10 in Invocations
 18661 | Lair:2   | Found a hole to the Spider Nest.
 19134 | Lair:3   | Reached XP level 13. HP: 92/118 MP: 20/20
 19406 | Lair:3   | Noticed Mitsuki's ghost (journeyman TrFi)
 19507 | Lair:3   | Killed Mitsuki's ghost
 20371 | Lair:4   | Found a staircase to the Swamp.
 21895 | Lair:5   | Reached skill level 13 in Fighting
 22174 | Lair:6   | Entered Level 6 of the Lair of Beasts
 22529 | Lair:6   | Found a runed door.
 22529 | Lair:6   | Found a viscous altar of Jiyva.
 22529 | Lair:6   | Found a staircase to the Slime Pits.
 22637 | Lair:5   | HP: 3/122 [black mamba (11)]
 22642 | Lair:5   | The Shining One protects you from harm!
 22652 | Lair:5   | Slain by a spiny frog

Vault maps used:
D:1:      dpeg_arrival_renting, minmay_misc_feat_x, minmay_split_cup_small
D:2:      cheibrodos_old_hovel, nicolae_gozag_cash_rules_everything_around_me,
          grunt_temple_overflow_open, grunt_decor_mini_mirrors
D:3:      hex_medium, uniq_crazy_yiuf_cottage
D:4:      cheibrodos_barr_body, lemuel_doored_altar, temple_doors_e,
          minivault_19
D:5:      lemuel_crystal_altar, first_bread, serial_glass, glass_columns_a,
          glass_columns_a
D:6:      gammafunk_temple_overflow_wave, old_standard_altar,
          nicolae_ossuary_entry_false_entrances,
          nicolae_dithmenos_through_a_glass_darkly
D:8:      xom_butterflies, serial_shops, shop_statue, shop, nicolae_shop_stone,
          nicolae_shop_crystal
D:9:      ashenzari_altar_1, enter_bailey_7, hangedman_pestilent_swarm
D:10:     cheibrodos_shockbox, david_lair_generic
D:11:     lab_entry_generic, minivault_23, uniq_sonja
D:12:     zombieorc2_lemuel, basic_altar
Temple:   minmay_temple_bridge_abc
Lair:1:   serial_bayou_ford_a, uniq_grum, uniq_gastronok
Lair:2:   spider_nest_entry_a
Lair:4:   minmay_swamp_entry_worms
Lair:5:   grunt_forest_large_clearing_hut
Lair:6:   grunt_lair_end_beastmaster, slime_altar_2, lemuel_fruit_tree,
          serial_bayou_shore_b
Lab:      labyrinth_watery, nicolae_lab_big_swirl
Ossuary:  ossuary_tomb_2
Bailey:   bailey_axe_1, bailey

Skill      XL: |  1  2  3  4  5  6  7  8  9 10 11 12 13 |
---------------+----------------------------------------+-----
Fighting       | 4 5 6 7 8 10 11 12 13 | 13.1
Maces & Flails | 3 4 5 6 7 8 10 11 12 | 12.1
Armour         | 4 5 6 8 9 10 11 12 | 12.2
Shields        | 4 5 6 8 9 10 11 12 | 12.2
Invocations    | 3 6 8 10 11 | 11.7

Action                   |  1- 3 |  4- 6 |  7- 9 | 10-12 | 13-15 || total
-------------------------+-------+-------+-------+-------+-------++-------
Melee: Flail             |   165 |    82 |   377 |       |       ||   624
       Morningstar       |       |       |    26 |   456 |   161 ||   643
       Headbutt          |       |       |       |    34 |    39 ||    73
Invok: Divine Shield     |       |       |       |     1 |       ||     1
       Summon Divine War |       |       |       |       |     1 ||     1
Evoke: Wand              |     1 |     1 |       |       |     2 ||     4
  Use: Potion            |       |     1 |       |     2 |     3 ||     6
       Scroll            |       |       |    11 |    16 |       ||    27
  Eat: Chunk             |     1 |     8 |    15 |    26 |     7 ||    57
       Royal jelly       |       |       |     3 |     1 |       ||     4
       Fruit             |       |       |     3 |     6 |       ||     9
       Meat ration       |       |       |       |     1 |     1 ||     2
Armor: Scale mail        |    96 |    29 |   106 |       |       ||   231
       Chain mail        |       |       |    27 |    21 |       ||    48
       Leather armour    |       |       |       |   190 |    35 ||   225
       Robe              |       |       |       |     1 |       ||     1
Dodge: Dodged            |    65 |    15 |    81 |   199 |    60 ||   420
Block: Shield            |    96 |    43 |   182 |   401 |   119 ||   841

Table legend:
 A = Spawn XP
 B = Non-spawn XP
 C = Spawn XP percentage of total XP
 D = Spawn monster count
 E = Non-spawn monster count
 F = Spawn count percentage of total count
 G = Total turns spent on level
                    A         B        C        D         E        F      G
               +---------+---------+-------+---------+---------+-------+---------
         Total |       0 |   52515 |   0.0 |       0 |     447 |   0.0 | 22652
               +---------+---------+-------+---------+---------+-------+---------
           D:1 |       0 |      52 |   0.0 |       0 |      29 |   0.0 |  1090
           D:2 |       0 |     122 |   0.0 |       0 |      24 |   0.0 |  1649
           D:3 |       0 |      79 |   0.0 |       0 |      11 |   0.0 |   711
           D:4 |       0 |    1372 |   0.0 |       0 |      29 |   0.0 |  2117
           D:5 |       0 |     848 |   0.0 |       0 |      25 |   0.0 |  1420
           D:6 |       0 |     690 |   0.0 |       0 |      24 |   0.0 |  1293
           D:7 |       0 |     794 |   0.0 |       0 |      22 |   0.0 |   828
           D:8 |       0 |    1745 |   0.0 |       0 |      16 |   0.0 |  1092
           D:9 |       0 |    4661 |   0.0 |       0 |      56 |   0.0 |  2050
          D:10 |       0 |    2960 |   0.0 |       0 |      23 |   0.0 |   782
          D:11 |       0 |    3130 |   0.0 |       0 |      16 |   0.0 |  1678
          D:12 |       0 |     245 |   0.0 |       0 |       2 |   0.0 |    71
        Lair:1 |       0 |    8722 |   0.0 |       0 |      28 |   0.0 |  2551
        Lair:2 |       0 |    3505 |   0.0 |       0 |      15 |   0.0 |   763
        Lair:3 |       0 |    5261 |   0.0 |       0 |      20 |   0.0 |   843
        Lair:4 |       0 |    5372 |   0.0 |       0 |      20 |   0.0 |  1122
        Lair:5 |       0 |    7911 |   0.0 |       0 |      23 |   0.0 |  1354
        Lair:6 |       0 |    2532 |   0.0 |       0 |       9 |   0.0 |   326
           Lab |       0 |    1091 |   0.0 |       0 |       1 |   0.0 |   141
       Ossuary |       0 |     693 |   0.0 |       0 |      33 |   0.0 |   296
        Bailey |       0 |     730 |   0.0 |       0 |      21 |   0.0 |   240
               +---------+---------+-------+---------+---------+-------+---------
